 Dungeon Crawl Stone Soup version 0.27-a0-1331-g60ef6b6952 (webtiles) character file.

Game seed: 9663332385835350708

64 Delamore the Sneak (level 4, 0/30 HPs)
             Began as an Octopode Brigand on June 25, 2021.
             Slain by a gnoll (16 damage)
             ... on level 2 of the Dungeon.
             The game lasted 00:01:55 (1493 turns).

Delamore the Sneak (Octopode Brigand)               Turns: 1493, Time: 00:01:55

Health: 0/30       AC:  1    Str: 10    XL:     4   Next: 12%
Magic:  4/4        EV: 13    Int: 13    God:
Gold:   42         SH:  0    Dex: 14    Spells: 3/3 levels left

rFire    . . .     SeeInvis .   a - +2 dagger
rCold    . . .     Faith    .   (no shield)
rNeg     . . .     Spirit   .   (helmet restricted)
rPois    .         Reflect  .   (no amulet)
rElec    .         Harm     .   (no ring)
rCorr    .         Rampage  .   (no ring)
Will     .....                  (no ring)
Stlth    ++++......             (no ring)
HPRegen  0.10/turn              (no ring)
MPRegen  0.09/turn              (no ring)
                                (no ring)
                                (no ring)

@: no status effects
A: almost no armour, amphibious, 8 rings, camouflage 1, gelatinous body 1,
(nimble swimmer 1), tentacles
a: no special abilities


You were on level 2 of the Dungeon.
You visited 1 branch of the dungeon, and saw 2 of its levels.

You collected 42 gold pieces.

Inventory:

Hand Weapons
 a - a +2 dagger (weapon)
Missiles
 b - 15 poisoned darts (quivered)
 c - 2 curare-tipped darts
 g - 2 atropa-tipped darts
Scrolls
 d - a scroll of fog {unknown}
Potions
 e - a potion of brilliance {unknown}
 f - a potion of might {unknown}
 h - a potion of mutation {unknown}


   Skills:
 + Level 2.7 Fighting
 * Level 3.3 Short Blades
 - Level 2.0 Throwing
 + Level 2.0 Dodging
 - Level 5.3 Stealth


You had 3 spell levels left.
You didn't know any spells.
Your spell library contained the following spells:

 Spells                   Type           Power      Damage    Failure   Level
 Summon Small Mammal      Summ           0%         N/A       30%         1
 Call Imp                 Summ           0%         N/A       43%         2
 Call Canine Familiar     Summ           0%         N/A       67%         3
 Summon Guardian Golem    Hex/Summ       0%         N/A       67%         3
 Summon Ice Beast         Ice/Summ       0%         N/A       97%         4
 Summon Lightning Spire   Summ/Air       0%         N/A       97%         4


Dungeon Overview and Level Annotations

Branches:
Dungeon (2/15)

Altars:


Innate Abilities, Weirdness & Mutations

You cannot wear most types of armour.
You are amphibious.
You can wear up to eight rings at the same time.
Your skin changes colour to match your surroundings (Stealth+).
Your rubbery body absorbs attacks. (AC +1, EV +1)
((You are camouflaged near water. (Stealth+)))
You have tentacles for arms and can constrict up to eight enemies at once.


Message History

The poisoned dart barely misses the adder.
The adder hisses angrily.
You throw a poisoned dart.
The poisoned dart barely misses the adder.
You throw a poisoned dart. The poisoned dart misses the adder.
No target in view!
No target in view!
An adder is nearby!
You see here a +0 spear.
You closely miss the adder. You grab the adder. You squeeze the adder.
The adder is lightly wounded.
You constrict the adder, but do no damage.
The adder misses you.
You hit the adder.
The adder is moderately wounded.
You constrict the adder. The adder barely misses you.
You hit the adder. You squeeze the adder.
You kill the adder!
Your Dodging skill increases to level 2!
You have reached level 4!
HP restored.
b - 18 poisoned darts (gained 1)
The gnoll shouts!
You see here a poisoned dart.
A gnoll is nearby!
A gnoll is nearby!
You throw a poisoned dart. The poisoned dart hits the gnoll.
The gnoll is poisoned.
You throw a poisoned dart. The poisoned dart hits the gnoll.
The gnoll looks even sicker.
You throw a poisoned dart.
The poisoned dart closely misses the gnoll.
The gnoll hits you from afar with a +0 halberd!
The gnoll hits you with a +0 halberd!
You hit the gnoll. You grab the gnoll.
The gnoll is moderately wounded.
You constrict the gnoll, but do no damage.
The gnoll hits you with a +0 halberd!
Ouch! That really hurt!
You die...

#.#.................###
#####
#.....))..............#
###.
#..###.#.##.######..#.#
.... #. #....#.# #..#.#
###. # ##......# #..#.# #.
#.......######..#.## #.
#.(...(..(.........# #.
#.......######..#..# #<
..#......@..<##..#..#.###.
...........g..##..†..#.....
...........((>....#..#####.
............(.............
#.##>#.......###..#.......
#. #.#....................
# #.......###..#######.
......#### #..# #. ......
#..# #.


You could see a gnoll (very poisoned).

Vanquished Creatures
  An adder (D:2)
  2 gnolls (D:2)
  A worm (D:2)
  2 endoplasms (D:2)
  4 giant cockroaches (D:1)
  2 goblins (D:1)
  3 hobgoblins
  2 jackals (D:1)
  2 kobolds
  2 quokkas
  4 ball pythons
  A bat (D:1)
  A frilled lizard (D:1)
  4 rats
31 creatures vanquished.

Notes
Turn   | Place    | Note
-------+----------+-------------------------------------------
     0 | D:1      | Delamore the Octopode Brigand began the quest for the Orb.
     0 | D:1      | Reached XP level 1. HP: 14/14 MP: 1/1
   205 | D:1      | Reached XP level 2. HP: 9/19 MP: 2/2
  1113 | D:2      | Reached XP level 3. HP: 25/25 MP: 3/3
  1469 | D:2      | Reached XP level 4. HP: 28/30 MP: 4/4
  1493 | D:2      | Slain by a gnoll

Illustrated notes

Levels and vault maps discovered:
D:1:      scummos_arrival_gate, layout_basic
D:2:      cheibrodos_helix_gallery, layout_loops_ring,
          hellmonk_ecumenical_altar_run_dry, uniq_crazy_yiuf_cottage

Skill      XL: |  1  2  3 |
---------------+----------+-----
Short Blades   | 3 |  3.3
Dodging        | 2 |  2.0
Fighting       | |  2.7
Throwing       | |  2.0
Stealth        | |  5.3

Action                   |  1- 3 |  4- 6 || total
-------------------------+-------+-------++-------
Melee: Dagger            |    61 |     1 ||    62
       Constrict         |    13 |     1 ||    14
       Tentacles         |    10 |       ||    10
Throw: Dart              |    14 |     3 ||    17
 Stab: Sleeping          |     9 |       ||     9
Armor: Skin              |     2 |       ||     2
Dodge: Dodged            |    41 |       ||    41

Table legend: (Time is in decaauts)
 A = Elapsed time spent in this place.
 B = Non-inter-level travel time spent in this place.
 C = Inter-level travel time spent in this place.
 D = Time resting spent in this place.
 E = Time spent auto-exploring this place.
 F = Levels seen in this place.
 G = Mean time per level.
                   A        B        C        D        E       F      G
               +--------+--------+--------+--------+--------+-----+--------+
         Total |   1483 |   1472 |     11 |    312 |    946 |   2 |  741.5 |
       Dungeon |   1483 |   1472 |     11 |    312 |    946 |   2 |  741.5 |
               +--------+--------+--------+--------+--------+-----+--------+

Top non-repeatable levels by time:
     D:1: 1192 daAuts
     D:2: 291 daAuts
